[Event "Early-Titled-Tuesday-Blitz-February-20-2024"]
[Site "Chess.com"]
[Date "2024.02.20"]
[Round "11"]
[White "FARIZA2018"]
[Black "inagreV"]
[Result "0-1"]
[WhiteElo "2582"]
[BlackElo "2418"]
[TimeControl "180+1"]
[EndTime "10:08:27 PST"]
[Termination "inagreV won by resignation"]

1. e4 c5 2. Nf3 Nc6 3. d4 cxd4 4.
Nxd4 Nf6 5. Nc3 d6 6. Bg5 e6 7. Qd2 a6 8. O-O-O Bd7 9. f3 Nxd4 10. Qxd4 Be7 11. h4 Qc7 12. Kb1 b5 13. Bd3 O-O 14. g4 b4 15. Ne2 a5 16. h5 e5 17.
Qg1 Be6 18. Ng3 a4 19. Nf5 Bxf5 20. gxf5 Kh8 21. h6 gxh6 22. Rxh6 Ng8 23. Bxe7 Qxe7 24.
Rxh7+ Kxh7 25. Qh2+ Nh6 26. f4 Qf6 27. Be2 a3 28.
Bh5 exf4 29. c3 bxc3 30. Qxf4 c2+ 31. Kxc2 Qxb2+ 32. Kd3 Ra4 33. Bg6+ fxg6 34. fxg6+ Kg7 35. Qxd6 Rd4+ 36. Qxd4+ Qxd4+ 37. Kxd4 Rd8+ 0-1

[Event "Early-Titled-Tuesday-Blitz-February-20-2024"]
[Site "Chess.com"]
[Date "2024.02.20"]
[Round "11"]
[White "koncheto"]
[Black "Goffredo_Fofi"]
[Result "0-1"]
[WhiteElo "2418"]
[BlackElo "2539"]
[TimeControl "180+1"]
[EndTime "10:08:27 PST"]
[Termination "Goffredo_Fofi won by resignation"]

1. e4 g6 2. d4 Bg7 3. c3 c6 4. Bd3 d5 5. e5 f6 6. f4 Nh6 7.
Nf3 c5 8. O-O cxd4 9. cxd4 Nc6 10.
Be3 O-O 11. h3 Bf5 12. Nc3 Bxd3 13. Qxd3 Nf5 14. Bf2 e6 15. exf6 Bxf6 16. Rfe1 Qd7 17. Re2 Rae8 18. a3 Na5 19. Rae1 Nc4 20. g4 Nfd6 21.
Ne5 Bxe5 22. fxe5 Nc8 23. Ne4 Nxb2 24. Rxb2 dxe4 25. Qxe4 Nb6 26. h4 Nd5 27. h5 Rf4 28. Qg2 gxh5 29. gxh5+ Kh8 30. Kh2 Qf7 31. Bg3 Qxh5+ 32.
Qh3 Qxh3+ 33. Kxh3 Rf7 34. Rc2 Rg8 35. Bh4 Rf3+ 36.
Kh2 Rg4 37. Bf2 Nf4 38. Rc8+ Kg7 0-1

[Event "Early-Titled-Tuesday-Blitz-February-20-2024"]
[Site "Chess.com"]
[Date "2024.02.20"]
[Round "11"]
[White "Grischuk"]
[Black "Makswolf200817"]
[Result "1-0"]
[WhiteElo "3070"]
[BlackElo "2757"]
[TimeControl "180+1"]
[EndTime "10:08:28 PST"]
[Termination "Grischuk won by resignation"]

1. d4 d5 2. Nf3 Nf6 3. Bg5 Nbd7 4. e3 h6 5. Bf4 e6 6. Nbd2 Bd6 7. Bd3 O-O 8. Ne5 Re8 9. h4 h5 10. Ndf3 Ng4 11.
Nxg4 Bxf4 12. exf4 hxg4 13. Ne5 Nxe5 14. fxe5 f5 15. f3 gxf3 16. Qxf3 c5 17. dxc5 Qc7 18. Qf4 Qxc5 19. O-O-O Bd7 20. g4 fxg4 21. Kb1 Re7 22. h5 Bb5 23. Bxb5 Qxb5 24. h6 Qe2 25. Rdf1 Rc7 26.
h7+ Kh8 27. Qf8+ 1-0

[Event "Early-Titled-Tuesday-Blitz-February-20-2024"]
[Site "Chess.com"]
[Date "2024.02.20"]
[Round "11"]
[White "Actuary44"]
[Black "Aygehovit1992"]
[Result "0-1"]
[WhiteElo "2509"]
[BlackElo "2677"]
[TimeControl "180+1"]
[EndTime "10:08:28 PST"]
[Termination "Aygehovit1992 won by resignation"]

1. e4 c5 2. d4 cxd4 3. c3 dxc3 4.
Nxc3 e6 5. f4 Bc5 6. Nf3 Nf6 7.
Bd3 d5 8. e5 Ng4 9. Rf1 Nxh2 10. Rh1 Nxf3+ 11. Qxf3 Nc6 12. Bd2 Nb4 13. Bb1 g6 14. a3 Nc6 15. b4 Be7 16. Qg3 a5 17. b5 Nd4 18. Bxg6 fxg6 19. O-O-O Bxa3+ 20. Kb1 Qe7 21. Na4 Kf7 22. f5 Nxf5 23. Qd3 Bb4 24. Bc1 Bd7 25. g4 Ng7 26. Rdf1+ Kg8 27. Rf6 Rf8 28. Bg5 Qe8 29. Nc3 h5 30. Rhf1 hxg4 31. Rxf8+ Bxf8 32. Ne2 Rh3 33. Qc2 Bxb5 34. Nf4 Bxf1 35. Nxg6 Qb5+ 0-1

[Event "Early-Titled-Tuesday-Blitz-February-20-2024"]
[Site "Chess.com"]
[Date "2024.02.20"]
[Round "11"]
[White "TimAina"]
[Black "Ural_bogatyr"]
[Result "1-0"]
[WhiteElo "2797"]
[BlackElo "2615"]
[TimeControl "180+1"]
[EndTime "10:08:29 PST"]
[Termination "TimAina won on time"]

1. e4 e5 2. Nf3 Nc6 3. Bb5 a6 4.
Ba4 Nf6 5. d3 Bc5 6. Nc3 d6 7.
Nd5 b5 8. Bb3 Na5 9. Bg5 c6 10.
Nxf6+ gxf6 11. Bh6 Rg8 12. O-O Bg4 13. Kh1 f5 14. exf5 Qf6 15. Be3 Nxb3 16. axb3 Qxf5 17. Bxc5 dxc5 18. Re1 f6 19. Re3 Kf7 20. Qe1 Qg6 21.
Qf1 h5 22. Nd2 h4 23. h3 Be6 24. Ne4 Bd5 25. c4 Bxe4 26. Rxe4 Rgd8 27. Rxh4 Rxd3 28.
Qe2 Rg8 29. Rg4 Qf5 30. Rxg8 Kxg8 31. Rxa6 Rxb3 32. Rxc6 bxc4 33. Qxc4+ 1-0

[Event "Early-Titled-Tuesday-Blitz-February-20-2024"]
[Site "Chess.com"]
[Date "2024.02.20"]
[Round "11"]
[White "GelmanAlexander"]
[Black "Dixit_Nikhil"]
[Result "1-0"]
[WhiteElo "2748"]
[BlackElo "2597"]
[TimeControl "180+1"]
[EndTime "10:08:32 PST"]
[Termination "GelmanAlexander won by resignation"]

1. d4 a6 2. e4 e6 3. Nc3 g6 4. h4 h6 5. Be3 b5 6. Qd2 Bg7 7. f3 Ne7 8. g4 Bb7 9. O-O-O d6 10. Kb1 Nd7 11. Nh3 Nb6 12. Bd3 Rb8 13. Ne2 Nc4 14. Bxc4 bxc4 15. Nc3 Ba8 16. Ka1 d5 17. h5 g5 18. Nxg5 hxg5 19. Bxg5 c5 20. dxc5 d4 21. Ne2 Rxb2 22. h6 Be5 23. f4 c3 24. Nxc3 Qa5 25.
fxe5 Bd5 26. Kxb2 Qb4+ 27. Ka1 dxc3 28. Qc1 Bxe4 29. Bxe7 Kxe7 30. Qg5+ 1-0

[Event "Early-Titled-Tuesday-Blitz-February-20-2024"]
[Site "Chess.com"]
[Date "2024.02.20"]
[Round "11"]
[White "Kotlyar_K"]
[Black "ExchangeAB"]
[Result "0-1"]
[WhiteElo "2568"]
[BlackElo "2464"]
[TimeControl "180+1"]
[EndTime "10:08:32 PST"]
[Termination "ExchangeAB won by resignation"]

1. e4 c6 2. d4 d5 3. e5 Bf5 4.
h4 h5 5. c4 e6 6. Nc3 Ne7 7.
Bg5 Qa5 8. Qd2 dxc4 9. Bxc4 Nd5 10. Nge2 Bb4 11. O-O Nd7 12. a3 Bxc3 13. bxc3 b5 14. Bb3 N7b6 15. Rfc1 O-O 16. Ng3 Bg6 17. Bxd5 cxd5 18. Qe2 Rfc8 19. Bd2 Nc4 20. Be1 Qd8 21. Nxh5 Qxh4 22. Ng3 Kf8 23. a4 Ke7 24. f3 Qh7 25.
axb5 Rh8 26. Ra4 Bd3 27. Qa2 Qh2+ 28. Kf2 a5 29. bxa6 Rh3 30. Nf1 Bxf1 31. Kxf1 Ne3+ 32. Ke2 Qxg2+ 33. Bf2 Qxf3+ 34. Ke1 Rh1+ 35. Kd2 Qxf2+ 36.
Kd3 Qxa2 37. Rxa2 Rxc1 38. Kxe3 Rxc3+ 39. Kd2 Rc6 0-1

[Event "Early-Titled-Tuesday-Blitz-February-20-2024"]
[Site "Chess.com"]
[Date "2024.02.20"]
[Round "11"]
[White "WiseKing_08"]
[Black "janhelmer03"]
[Result "1-0"]
[WhiteElo "2421"]
[BlackElo "2239"]
[TimeControl "180+1"]
[EndTime "10:08:32 PST"]
[Termination "WiseKing_08 won by checkmate"]

1. e4 c5 2. Nc3 Nc6 3. Bb5 g6 4. Bxc6 bxc6 5. d3 Bg7 6. Bd2 Rb8 7. b3 d5 8. Rb1 Nf6 9. Nge2 O-O 10. O-O e5 11. Qc1 c4 12. dxc4 dxc4 13. Bh6 cxb3 14.
axb3 Ba6 15. Re1 Ng4 16. Bg5 Qb6 17. Bh4 Bh6 18. Qa3 Bd2 19. Red1 Bh6 20. Ra1 Bxe2 21. Nxe2 f5 22. Rd7 fxe4 23. Qe7 Nf6 24. Bxf6 Rxf6 25. Qxh7+ Kf8 26. Qh8# 1-0

[Event "Early-Titled-Tuesday-Blitz-February-20-2024"]
[Site "Chess.com"]
[Date "2024.02.20"]
[Round "11"]
[White "DenLaz"]
[Black "LionTheLeon_06"]
[Result "1-0"]
[WhiteElo "3028"]
[BlackElo "2884"]
[TimeControl "180+1"]
[EndTime "10:08:34 PST"]
[Termination "DenLaz won by resignation"]

1. d4 d5 2. c4 c6 3. Nf3 Nf6 4. Qc2 g6 5. cxd5 cxd5 6. Bf4 Nc6 7. e3 Bg7 8. Nc3 O-O 9. Be2 Bf5 10. Qb3 Na5 11.
Qb4 Rc8 12. O-O b6 13. Rfc1 Nh5 14. Bg5 f6 15. Bh4 g5 16. Bg3 Nxg3 17. hxg3 Rf7 18. Ba6 Rc6 19. Qa4 Bd7 20. Bb5 Rd6 21. b4 Nc6 22.
Nxd5 Nxd4 23. Nxe7+ Qxe7 24. Nxd4 f5 25. Bxd7 Qxd7 26.
Qxd7 Rdxd7 27. Rc8+ Rf8 28. Rxf8+ Kxf8 29. Rd1 Kf7 30.
Kf1 f4 31. gxf4 gxf4 32. Ke2 fxe3 33. fxe3 Rc7 34. Kd3 Be5 35. Rf1+ Kg6 36. a4 h5 37.
b5 h4 38. Nc6 Bg3 39. e4 a6 40. e5 axb5 41. axb5 Rd7+ 42. Ke3 Rd5 43. e6 Rd6 44. e7 Re6+ 45. Kd4 Kg7 46. Kd5 Rd6+ 47. Kc4 Re6 48. Rd1 Kf7 49. Rd8 Rxe7 50. Nxe7 Kxe7 51. Rh8 Kf6 52.
Rh6+ Ke5 53. Rxb6 Ke4 54. Rg6 Ke3 55. b6 Kf2 56. b7 Kxg2 57. b8=Q 1-0

[Event "Early-Titled-Tuesday-Blitz-February-20-2024"]
[Site "Chess.com"]
[Date "2024.02.20"]
[Round "11"]
[White "Kildepiotr"]
[Black "ragnaroek66"]
[Result "0-1"]
[WhiteElo "2670"]
[BlackElo "2511"]
[TimeControl "180+1"]
[EndTime "10:08:34 PST"]
[Termination "ragnaroek66 won by resignation"]

1. Nf3 d5 2. g3 Nd7 3. Bg2 e5 4. d3 Bd6 5. O-O Ngf6 6. Nbd2 O-O 7. e4 c6 8. a4 a5 9. Qe2 Re8 10. Nb3 Qc7 11. Nh4 Bf8 12. Nf5 Nc5 13. Nxc5 Bxc5 14. Qf3 Kh8 15. Bg5 dxe4 16. dxe4 Ng8 17. Rad1 Be6 18.
b3 f6 19. Bc1 b5 20. h4 bxa4 21. bxa4 Rab8 22. h5 g6 23. Nh4 Kg7 24. Kh2 Qc8 25. Qe2 Rb4 26. f4 exf4 27. Rxf4 g5 28. Nf5+ Bxf5 29. Rxf5 Qxf5 30. Bh3 Qxe4 31. Rd7+ Re7 0-1

[Event "Early-Titled-Tuesday-Blitz-February-20-2024"]
[Site "Chess.com"]
[Date "2024.02.20"]
[Round "11"]
[White "NikitaShnadrygin"]
[Black "Dinamo3"]
[Result "1-0"]
[WhiteElo "2693"]
[BlackElo "2520"]
[TimeControl "180+1"]
[EndTime "10:08:34 PST"]
[Termination "NikitaShnadrygin won by resignation"]

1. e4 c5 2. Nf3 Nc6 3. d4 cxd4 4.
Nxd4 g6 5. Nc3 Bg7 6. Be3 Nf6 7. Nxc6 bxc6 8. e5 Ng8 9. f4 Nh6 10. Qd2 O-O 11. O-O-O d6 12. h3 Qa5 13. g4 f5 14.
exf6 exf6 15. Bc4+ Kh8 16. Qxd6 Ba6 17. Bb3 Bb5 18. Qc5 Rfe8 19. a4 Bf8 20. Qd4 c5 21. Qd2 Bc6 22. Rhe1 Rad8 23. Nd5 Qa6 24. Qc3 Bg7 25.
Qxc5 Bxd5 26. Rxd5 Rc8 27. Qb5 Qe6 28. Rd8 Qe7 29. Rxe8+ Rxe8 30. Bd2 Qxe1+ 31. Bxe1 Rxe1+ 32. Kd2 Re7 33. Qb8+ 1-0

[Event "Early-Titled-Tuesday-Blitz-February-20-2024"]
[Site "Chess.com"]
[Date "2024.02.20"]
[Round "11"]
[White "wonderfultime"]
[Black "snowlord"]
[Result "0-1"]
[WhiteElo "3036"]
[BlackElo "2903"]
[TimeControl "180+1"]
[EndTime "10:08:36 PST"]
[Termination "snowlord won by resignation"]

1. d4 Nf6 2. Nf3 e6 3. Bf4 b6 4. e3 Bb7 5. c4 Bb4+ 6. Nfd2 O-O 7. a3 Bd6 8. Bg5 Be7 9. Nc3 c5 10. dxc5 bxc5 11. Bd3 h6 12. Bf4 d5 13. Qe2 d4 14.
exd4 Nc6 15. O-O Nxd4 16. Qd1 a5 17. Re1 Ra6 18. Bf1 Bd6 19. Be3 Bb8 20. Nb5 Re8 21.
Nb3 Nxb3 22. Qxb3 Ng4 23. h3 a4 24. Qc3 Qh4 25. Bxc5 Rc8 26. Bd4 Bh2+ 27. Kh1 Bb8 28. Kg1 Bh2+ 29. Kh1 Bb8 30. Qd2 Qxh3+ 0-1

[Event "Early-Titled-Tuesday-Blitz-February-20-2024"]
[Site "Chess.com"]
[Date "2024.02.20"]
[Round "11"]
[White "HanSchut"]
[Black "Atousa"]
[Result "0-1"]
[WhiteElo "2292"]
[BlackElo "2444"]
[TimeControl "180+1"]
[EndTime "10:08:37 PST"]
[Termination "Atousa won by resignation"]

1. e4 c5 2. Nf3 e6 3. c4 Nc6 4.
Nc3 Nd4 5. d3 d6 6. Be3 e5 7.
Nd5 Nf6 8. Be2 Be7 9. O-O O-O 10.
b4 b6 11. a4 Nxd5 12. cxd5 Nxf3+ 13. Bxf3 cxb4 14. a5 bxa5 15. Qa4 f5 16. Qxa5 f4 17. Qxd8 Bxd8 18. Bd2 a5 19. Bxb4 Bc7 20. Rfc1 Rf7 21. Rxc7 Rxc7 22. Bxd6 Rf7 23. Bxe5 a4 24. Bd4 a3 25. h3 a2 26. e5 Rb7 27. Kh2 Rb1 28. d6 Rxa1 29. Bxa1 Ra5 30. Bc6 Be6 31. d7 Bxd7 32.
Bxd7 Rc5 33. Be6+ Kf8 34. Bxa2 Ra5 35. Be6 Rxa1 36. d4 Rd1 37. d5 Re1 38. g3 fxg3+ 39. Kxg3 Rxe5 40. f4 Re1 41. Kg4 Ke7 42. h4 Kf6 43.
Bg8 g6 44. Bxh7 Kg7 45. d6 Rd1 46. f5 Kxh7 47. Kg5 gxf5 48. Kxf5 Rxd6 0-1

[Event "Early-Titled-Tuesday-Blitz-February-20-2024"]
[Site "Chess.com"]
[Date "2024.02.20"]
[Round "11"]
[White "zurzan"]
[Black "aldebaran52"]
[Result "0-1"]
[WhiteElo "2063"]
[BlackElo "2186"]
[TimeControl "180+1"]
[EndTime "10:08:37 PST"]
[Termination "aldebaran52 won by resignation"]

1. c4 c5 2. Nc3 e5 3. g3 g6 4. Bg2 Bg7 5. d3 d6 6. e4 Ne7 7. Nge2 Nbc6 8. O-O O-O 9. a3 a5 10. Rb1 Be6 11. b3 Qd7 12. Nd5 Bxd5 13. cxd5 Nd8 14. f4 f5 15. fxe5 dxe5 16. b4 axb4 17. axb4 cxb4 18. Rxb4 Nf7 19. Qb3 Nd6 20. Ba3 Rad8 21. Rc1 f4 22. gxf4 exf4 23. Nd4 Bxd4+ 24. Rxd4 f3 25. Bf1 Qg4+ 26. Kf2 Nef5 27. Bxd6 Nxd4 28. Qb4 Ne2 29. Bg3 Nxc1 30. Qd4 Ne2 31. Qe3 Nxg3 32. hxg3 h5 33. d4 Ra8 34. e5 Ra2+ 35. Ke1 Qxg3+ 36. Kd1 Qg4 37. Kc1 f2 38. Bd3 Qg1+ 0-1

[Event "Early-Titled-Tuesday-Blitz-February-20-2024"]
[Site "Chess.com"]
[Date "2024.02.20"]
[Round "11"]
[White "jaskol95"]
[Black "Abund"]
[Result "0-1"]
[WhiteElo "2601"]
[BlackElo "2795"]
[TimeControl "180+1"]
[EndTime "10:08:38 PST"]
[Termination "Abund won by resignation"]

1. e4 c6 2. Nf3 d5 3. Nc3 dxe4 4.
Nxe4 Nf6 5. Nxf6+ exf6 6. d4 Bd6 7. Bd3 O-O 8. Be3 Re8 9. Qd2 Nd7 10. O-O-O b5 11. Bf4 Nb6 12. Rhe1 Be6 13. Kb1 Bxf4 14. Qxf4 Qd5 15. b3 Qd7 16. Qh4 h6 17. Qe4 g6 18.
Qh4 Kg7 19. Be4 a5 20. d5 Bxd5 21. Bxd5 Nxd5 22. Qd4 b4 23. Kb2 a4 24. Rxe8 Qxe8 25. Re1 Qd8 26. Qc5 Ra6 27. Nd4 Qa8 28. Kc1 axb3 29. axb3 Qb8 30. g3 Nc3 31. Kd2 Ra7 32. Re7 Qd8 33. Qxa7 Qd5 34. Kc1 Qh1+ 35. Kd2 Qd1+ 36.
Ke3 Nd5+ 37. Ke4 Qe1+ 38. Kf3 Nxe7 39. Qb7 c5 40. Nb5 Qh1+ 41. Ke3 Nf5+ 42. Kf4 Qxb7 43. Nd6 Nxd6 0-1

[Event "Early-Titled-Tuesday-Blitz-February-20-2024"]
[Site "Chess.com"]
[Date "2024.02.20"]
[Round "11"]
[White "GeorgiosSouleidis"]
[Black "DeArron_Fox"]
[Result "0-1"]
[WhiteElo "2660"]
[BlackElo "2526"]
[TimeControl "180+1"]
[EndTime "10:08:38 PST"]
[Termination "DeArron_Fox won by checkmate"]

1. e4 c5 2. Be2 Nc6 3. d3 Nf6 4.
f4 d6 5. Nf3 g6 6. O-O Bg7 7. c3 O-O 8. Kh1 b5 9. a3 Rb8 10. Be3 a5 11. Nbd2 b4 12. d4 cxd4 13.
cxd4 e5 14. fxe5 dxe5 15. d5 Nd4 16. Nxd4 exd4 17. Bxd4 Nxd5 18. Bxg7 Ne3 19. Be5 Nxd1 20. Raxd1 Rb7 21. Bf6 Qb6 22. e5 Qe3 23. Bf3 Rd7 24. Ne4 Rxd1 25. Rxd1 Bb7 26. Bg5 Qb6 27. Nf6+ Kg7 28.
Nd7 Qa7 29. Bf6+ Kg8 30. Nxf8 Bxf3 31. gxf3 Qf2 32. Rd8 Qf1# 0-1

[Event "Early-Titled-Tuesday-Blitz-February-20-2024"]
[Site "Chess.com"]
[Date "2024.02.20"]
[Round "11"]
[White "abeljusto"]
[Black "Yushko_Olga"]
[Result "0-1"]
[WhiteElo "2090"]
[BlackElo "2193"]
[TimeControl "180+1"]
[EndTime "10:08:38 PST"]
[Termination "Yushko_Olga won on time"]

1. d4 e6 2. Bf4 Nf6 3. e3 d5 4. Nf3 Be7 5. Ne5 O-O 6. Nd2 c5 7. c3 Nc6 8. Bd3 Bd6 9. Bg3 Qb6 10. Rb1 cxd4 11. exd4 Bxe5 12. dxe5 Nd7 13. Nf3 f6 14. exf6 Nxf6 15. O-O Bd7 16. Re1 Rae8 17. Ne5 Nxe5 18. Bxe5 Bc6 19. Qe2 Ne4 20. Bd4 Qa5 21. f3 e5 22. b4 Qc7 23. Bxe5 Qxe5 24. fxe4 dxe4 25. Bc4+ Kh8 26. Qe3 Rf6 27. Rbd1 Rh6 28. g3 Qh5 29. Rd2 Rf8 30. Rf2 Rf3 31. Rxf3 Qxh2+ 32. Kf1 Qh1+ 33. Ke2 exf3+ 34. Kd1 Qh5 35. g4 Rd6+ 36. Kc1 Qg6 37. Qe7 h5 38. Bf7 Qf6 39. Qf8+ Kh7 40.
gxh5 Qf4+ 0-1

[Event "Early-Titled-Tuesday-Blitz-February-20-2024"]
[Site "Chess.com"]
[Date "2024.02.20"]
[Round "11"]
[White "Colombiano07"]
[Black "Alexchess1984"]
[Result "1-0"]
[WhiteElo "2488"]
[BlackElo "2651"]
[TimeControl "180+1"]
[EndTime "10:08:41 PST"]
[Termination "Colombiano07 won by resignation"]

1. e4 c5 2. Nc3 Nc6 3. Bb5 Nf6 4. Bxc6 bxc6 5. f4 d5 6. d3 g6 7.
Nf3 Bg7 8. O-O O-O 9. Qe1 Rb8 10. b3 dxe4 11. dxe4 Nxe4 12. Bb2 Nd6 13. Ne5 c4 14. Na4 Qc7 15. Nxc4 Nxc4 16. Bxg7 Kxg7 17. Qc3+ Kg8 18. Qxc4 Be6 19. Qe2 c5 20. c4 Rb4 21. Nc3 Rb6 22. Qf2 a6 23. Rae1 Rd6 24. Re5 Rc8 25. Ne4 Rc6 26. Ng3 f6 27. Re3 Bf7 28. Rfe1 e6 29. Ne4 Qe7 30. Qh4 Kg7 31. Rd3 Rd8 32. Red1 Rxd3 33. Rxd3 Rc7 34. g4 h6 35. Rh3 h5 36. gxh5 Qd7 37. h6+ Kf8 38. h7 Qd1+ 39. Kg2 Qc2+ 40. Nf2 1-0

[Event "Early-Titled-Tuesday-Blitz-February-20-2024"]
[Site "Chess.com"]
[Date "2024.02.20"]
[Round "11"]
[White "MdChess1734"]
[Black "C_K_G"]
[Result "1-0"]
[WhiteElo "2383"]
[BlackElo "2177"]
[TimeControl "180+1"]
[EndTime "10:08:41 PST"]
[Termination "MdChess1734 won on time"]

1. e4 c5 2. Nf3 d6 3. d4 cxd4 4. Nxd4 Nf6 5. Nc3 a6 6. Bg5 e5 7. Nb3 Be6 8. Qd2 Nbd7 9. f3 Qc7 10. h4 h6 11. Be3 Be7 12. g4 b5 13. Rg1 b4 14.
Ne2 a5 15. g5 hxg5 16. hxg5 Nh5 17. a4 bxa3 18. Rxa3 a4 19. Rh1 g6 20. Nbc1 O-O 21.
Kf2 Nb6 22. Ng3 Nf4 23. Ke1 Nc4 24. Qh2 Nh3 25. Bxh3 Nxe3 26. Bxe6 Nxc2+ 27. Kd1 Ne3+ 28. Rxe3 1-0

[Event "Early-Titled-Tuesday-Blitz-February-20-2024"]
[Site "Chess.com"]
[Date "2024.02.20"]
[Round "11"]
[White "Schachmalanders"]
[Black "Kostukov_Alex"]
[Result "1-0"]
[WhiteElo "2469"]
[BlackElo "2345"]
[TimeControl "180+1"]
[EndTime "10:08:42 PST"]
[Termination "Schachmalanders won on time"]

1. e4 c5 2. Nc3 g6 3. g3 Bg7 4. Bg2 Nc6 5. Nge2 d6 6. d3 e5 7. Be3 Nge7 8. Qd2 Nd4 9. O-O-O Bh3 10. Bxh3 Nf3 11. Bh6 Nxd2 12. Bxg7 Rg8 13. Bf6 Qa5 14. Bxe7 Kxe7 15. Rxd2 Rgd8 16. f4 f6 17. Rf1 b5 18.
Nd5+ Kf8 19. fxe5 dxe5 20. Nec3 b4 21. Nb1 Qxa2 22. Rxf6+ Kg7 23. Rdf2 Rf8 24. Be6 Rxf6 25. Rxf6 Rf8 26. Rxf8 Kxf8 27. Nd2 Qa1+ 28. Nb1 Qa6 29. Bh3 c4 30. Bf1 c3 31. bxc3 bxc3 32. Nbxc3 Qa1+ 33. Nb1 Qd4 34. Be2 Qg1+ 35. Bd1 Qxh2 36. c4 Qxg3 37.
Kc2 h5 38. c5 Qf2+ 39. Nd2 Qxc5+ 40. Nc4 h4 41. Bg4 Qg1 42. Be6 h3 43. Nxe5 Qh2+ 44. Kd1 Qxe5 45. Bxh3 1-0

[Event "Early-Titled-Tuesday-Blitz-February-20-2024"]
[Site "Chess.com"]
[Date "2024.02.20"]
[Round "11"]
[White "ploxoi"]
[Black "ShieldingOff"]
[Result "1-0"]
[WhiteElo "2449"]
[BlackElo "2293"]
[TimeControl "180+1"]
[EndTime "10:08:42 PST"]
[Termination "ploxoi won on time"]

1. Nf3 Nf6 2. c4 g6 3. Nc3 Bg7 4. g3 O-O 5. Bg2 d6 6. d4 c5 7. O-O Nc6 8. d5 Na5 9. Nd2 a6 10. Qc2 Rb8 11. Rb1 b5 12. b3 e5 13. dxe6 Bxe6 14.
Nce4 Nxe4 15. Bxe4 bxc4 16. Rd1 c3 17. Nf1 d5 18. Ba3 Rc8 19. Bxd5 Bxd5 20. e4 Bd4 21. exd5 Qf6 22. Ne3 Rfe8 23. Rd3 Re5 24. Ng4 Qg5 25. Nxe5 Qxe5 26. Rbd1 Re8 27. d6 Nc6 28. h4 Qf5 29. d7 Rd8 30. Rxc3 Bxc3 31. Qxc3 Nd4 32.
Qxc5 Nf3+ 33. Kg2 Qe4 34. Qd5 1-0

[Event "Early-Titled-Tuesday-Blitz-February-20-2024"]
[Site "Chess.com"]
[Date "2024.02.20"]
[Round "11"]
[White "annamaja"]
[Black "Louis-Paulsen-Fan"]
[Result "1-0"]
[WhiteElo "2395"]
[BlackElo "2233"]
[TimeControl "180+1"]
[EndTime "10:08:42 PST"]
[Termination "annamaja won by resignation"]

1. e4 Nf6 2. e5 Nd5 3. c4 Nb6 4. d4 d6 5. exd6 cxd6 6. Nf3 g6 7. Bd3 Bg7 8. O-O O-O 9. Be3 Bg4 10. Nbd2 Nc6 11.
h3 Bxf3 12. Nxf3 e5 13. d5 Nb4 14. Be2 h6 15. Qd2 Na6 16. Bxh6 Rc8 17. Rac1 Re8 18.
Bxg7 Kxg7 19. Ng5 Nc5 20. Bg4 f5 21. b4 fxg4 22. bxc5 Rxc5 23. Ne6+ Rxe6 24. dxe6 gxh3 25. gxh3 Qe7 26. Kh2 Qxe6 27. Rg1 Rxc4 28. Rxc4 Nxc4 29. Qb4 b6 30. Rg4 e4 31. Qc3+ Kf7 32. Qh8 Ne5 33. Rf4+ Ke7 34. Qb8 d5 35. Qxa7+ Ke8 36. Qb8+ Ke7 37.
Qf8+ Kd7 38. Rf6 Nf3+ 39. Kg2 Qe5 40. Qg7+ 1-0

[Event "Early-Titled-Tuesday-Blitz-February-20-2024"]
[Site "Chess.com"]
[Date "2024.02.20"]
[Round "11"]
[White "Sofia_Blokhin"]
[Black "manipun1"]
[Result "0-1"]
[WhiteElo "2227"]
[BlackElo "2393"]
[TimeControl "180+1"]
[EndTime "10:08:43 PST"]
[Termination "manipun1 won by resignation"]

1. d4 d6 2. e4 Nf6 3. Nc3 e5 4. f3 Nc6 5. Nge2 Be7 6. Be3 O-O 7. Qd2 h6 8. O-O-O Nh7 9. d5 Nb8 10. g4 Bg5 11. f4 exf4 12. Nxf4 Nd7 13. Qf2 Ne5 14.
h3 Nf6 15. Be2 b5 16. b4 Bxg4 17. hxg4 Nfxg4 18. Bxg4 Nxg4 19. Qf3 Nxe3 20. Qxe3 Qf6 21. Rhf1 a5 22. Nxb5 axb4 23. Nd4 Rxa2 24. Kd2 b3 25. Nxb3 Qb2 26. Qc3 Qa3 27. Ke3 f5 28. exf5 Rxf5 29.
Ra1 Qa7+ 30. Qd4 Rxa1 31. Nxa1 Qxd4+ 32. Kxd4 Rxf4+ 33. Rxf4 Bxf4 34. Ke4 Be5 35. Nb3 h5 36. Nd2 h4 37. Kf3 h3 38. Kf2 g5 39. Nf3 g4 40.
Ng5 g3+ 41. Kg1 Bd4+ 42. Kh1 g2+ 43. Kh2 g1=Q+ 44. Kxh3 Qxg5 45. c3 Bf2 0-1

[Event "Early-Titled-Tuesday-Blitz-February-20-2024"]
[Site "Chess.com"]
[Date "2024.02.20"]
[Round "11"]
[White "Witik"]
[Black "Zavgorodniy_Sergiy"]
[Result "1-0"]
[WhiteElo "2777"]
[BlackElo "2616"]
[TimeControl "180+1"]
[EndTime "10:08:45 PST"]
[Termination "Witik won by resignation"]

1. d4 d5 2. Bf4 Nf6 3. e3 e6 4. Nf3 c5 5. Nbd2 Bd6 6. Bg3 Qc7 7. dxc5 Qxc5 8. c4 O-O 9. Rc1 Bxg3 10. hxg3 dxc4 11.
Rxc4 Qe7 12. Qc2 Nc6 13. Bd3 h6 14. Ne4 Bd7 15. O-O Rac8 16. Rc1 Rfd8 17. Nxf6+ Qxf6 18. Bh7+ Kh8 19. Be4 g6 20. a3 Ne5 21. Nxe5 Qxe5 22. Bxb7 Rxc4 23. Qxc4 Qxb2 24. Qc7 Rf8 25. Rd1 Ba4 26. Rd4 Qxa3 27. Qa5 Qc1+ 28. Kh2 Be8 29. Qxa7 Bc6 30. Bxc6 Qxc6 31. Qe7 Kg8 32. Rh4 h5 33. g4 Qe4 34. gxh5 Qf5 35. hxg6 Qxg6 36. f3 f5 37. Rh3 f4 38. exf4 Rxf4 39. Rg3 1-0

[Event "Early-Titled-Tuesday-Blitz-February-20-2024"]
[Site "Chess.com"]
[Date "2024.02.20"]
[Round "11"]
[White "Polish_fighter3000"]
[Black "artin10862"]
[Result "1-0"]
[WhiteElo "3065"]
[BlackElo "2923"]
[TimeControl "180+1"]
[EndTime "10:08:46 PST"]
[Termination "Polish_fighter3000 won on time"]

1. d4 Nf6 2. Nf3 e6 3. c4 b6 4. a3 Bb7 5. Bf4 c5 6. Nc3 cxd4 7. Nxd4 a6 8. e3 d6 9. Bg3 Nbd7 10. f3 h5 11. Bh4 Be7 12. Be2 Rg8 13. Qc2 g5 14. Bf2 Rc8 15. Nb3 d5 16. cxd5 Nxd5 17. O-O Nxc3 18.
bxc3 g4 19. e4 Qc7 20. Nd4 Bd6 21. g3 Qxc3 22. Qa2 gxf3 23. Bxf3 Ne5 24. Bxh5 Bxe4 25. Qxe6+ Be7 26. Qxe5 Bb7 27. Rae1 Rc7 28. Be3 1-0

[Event "Early-Titled-Tuesday-Blitz-February-20-2024"]
[Site "Chess.com"]
[Date "2024.02.20"]
[Round "11"]
[White "simonachess"]
[Black "Perecke"]
[Result "1-0"]
[WhiteElo "2310"]
[BlackElo "2468"]
[TimeControl "180+1"]
[EndTime "10:08:46 PST"]
[Termination "simonachess won on time"]

1. d4 Nf6 2. c4 e6 3. Nf3 Bb4+ 4. Nbd2 Qe7 5. g3 O-O 6. Bg2 d6 7. O-O e5 8. Nb3 c6 9. a3 e4 10. Nh4 Nh5 11. axb4 g5 12. Bxg5 Qxg5 13. Bxe4 d5 14. f4 Qe7 15. Bg2 Bg4 16. Rf2 dxc4 17. Nc5 Re8 18.
Qd2 b6 19. Ne4 f5 20. Nc3 Nf6 21. Re1 Qxb4 22. h3 Bh5 23. Nxf5 Bg6 24. e4 Bxf5 25. exf5 Rxe1+ 26. Qxe1 Nbd7 27. Qe6+ Kh8 28. Qxc6 Re8 29. Kh2 Qb3 30. g4 Qb4 31. g5 Nh5 32. Qxd7 Qf8 33. Qd5 1-0

[Event "Early-Titled-Tuesday-Blitz-February-20-2024"]
[Site "Chess.com"]
[Date "2024.02.20"]
[Round "11"]
[White "Alblooshi_Hamad"]
[Black "pr1105"]
[Result "0-1"]
[WhiteElo "2174"]
[BlackElo "2364"]
[TimeControl "180+1"]
[EndTime "10:08:46 PST"]
[Termination "pr1105 won by resignation"]

1. d4 f5 2. e4 fxe4 3. Nc3 Nf6 4. Bg5 c6 5. f3 d5 6. fxe4 dxe4 7.
Bc4 b5 8. Bb3 b4 9. Nb1 Bg4 10.
Qd2 e6 11. h3 Bf5 12. Ne2 Be7 13. O-O Nbd7 14. g4 Bg6 15. Bxe6 Qb6 16. c3 c5 17. d5 Ne5 18. Nf4 Bf7 19. Bxf7+ Kxf7 20. Ne6 Nf3+ 21. Rxf3 exf3 22. c4 Qb8 23. Qf2 h6 24.
Bxf6 Bxf6 25. Qxf3 Qe5 26. Qf2 Qxb2 27. Qxc5 Qxa1 28.
Qc7+ Kg6 29. Nf4+ Kh7 30. Qf7 0-1